| TOP OF THE 1ST |
|
Charlotte Hornets batting - Pitching for Knoxville Blue Jays : RHP Dan Greenhalgh
|
|
Pitching: RHP Dan Greenhalgh
|
|
|
Batting: RHB Charles Stafford
|
0-0: Ball 1-0: Ball 2-0: Called Strike 2-1: Ball 3-1: Foul Ball, location: 2F 3-2: Foul Ball, location: 2F 3-2: Base on Balls
|
|
Batting: RHB Juan Bonilla
|
0-0: Called Strike 0-1: Fly out, F7 (Line Drive, 7, EV 103.8 MPH)
|
|
Batting: RHB Ron Johnson
|
0-0: Ball 1-0: Called Strike 1-1: Ball 2-1: Foul Ball, location: 2F 2-2: Ground out 5-3 (Groundball, 56S, EV 76.9 MPH) Charles Stafford to second
|
|
Batting: RHB Alvaro Espinoza
|
0-0: Called Strike 0-1: Foul Ball, location: 2F 0-2: Ground out 5-3 (Groundball, 56S, EV 68.1 MPH)
|
| Top of the 1st over - 0 runs, 0 hits, 0 errors, 1 left on base; Charlotte 0 - Knoxville 0 |
| BOTTOM OF THE 1ST |
|
Knoxville Blue Jays batting - Pitching for Charlotte Hornets : RHP James Green
|
|
Pitching: RHP James Green
|
|
|
Batting: RHB LaRue Washington
|
0-0: Called Strike 0-1: Ball 1-1: Ball 2-1: Ball 3-1: Base on Balls
|
|
Batting: LHB Paul O'Neill
|
0-0: Called Strike 0-1: Ball 1-1: Grounds into double play, 4-6-3 (Groundball, 4, EV 93.8 MPH)
|
|
Batting: RHB Jason Adams
|
0-0: Ball 1-0: SINGLE (Line Drive, 5D, EV 110.6 MPH)
|
|
Batting: RHB Hector Cruz
|
0-0: Ball 1-0: Ball 2-0: Called Strike 2-1: Ball 3-1: Foul Ball, location: 2F 3-2: Base on Balls Jason Adams to second
|
|
Batting: LHB Joe Bivins
|
0-0: Ground out U3 (Groundball, 34S, EV 76.3 MPH)
|
| Bottom of the 1st over - 0 runs, 1 hit, 0 errors, 2 left on base; Charlotte 0 - Knoxville 0 |
| TOP OF THE 2ND |
|
Charlotte Hornets batting - Pitching for Knoxville Blue Jays : RHP Dan Greenhalgh
|
|
Batting: RHB Barry Lyons
|
0-0: Ball 1-0: Ball 2-0: SINGLE (Groundball, 56D, EV 105.6 MPH)
|
|
Batting: LHB Jesus Diaz
|
0-0: Ball 1-0: Ball 2-0: Fly out, F9 (Line Drive, 9, EV 96.9 MPH)
|
|
Batting: LHB Richard Berg
|
0-0: Foul Ball, location: 2F 0-1: Called Strike 0-2: Foul Ball, location: 2F 0-2: Strikes out swinging
|
|
Batting: SHB Jose Mota
|
0-0: Ball 1-0: Ball 2-0: Ball 3-0: Called Strike 3-1: Fielders Choice at 2nd, 6-4 (Groundball, 6, EV 85.0 MPH)
|
| Top of the 2nd over - 0 runs, 1 hit, 0 errors, 1 left on base; Charlotte 0 - Knoxville 0 |
| BOTTOM OF THE 2ND |
|
Knoxville Blue Jays batting - Pitching for Charlotte Hornets : RHP James Green
|
|
Batting: LHB Danny Goodwin
|
0-0: Ball 1-0: Ball 2-0: Called Strike 2-1: Ground out U3 (Groundball, 3, EV 98.1 MPH)
|
|
Batting: RHB Alex Taveras
|
0-0: Called Strike 0-1: Foul Ball, location: 2F 0-2: Strikes out swinging
|
|
Batting: LHB Ken Bolek
|
0-0: Called Strike 0-1: Called Strike 0-2: Foul Ball, location: 2F 0-2: Ball 1-2: Foul Ball, location: 2F 1-2: Foul Ball, location: 2F 1-2: Foul Ball, location: 2F 1-2: Ball 2-2: Fly out, F7 (Line Drive, 7, EV 107.5 MPH)
|
| Bottom of the 2nd over - 0 runs, 0 hits, 0 errors, 0 left on base; Charlotte 0 - Knoxville 0 |
| TOP OF THE 3RD |
|
Charlotte Hornets batting - Pitching for Knoxville Blue Jays : RHP Dan Greenhalgh
|
|
Batting: RHB John O'Rear
|
0-0: Swinging Strike 0-1: Swinging Strike 0-2: Strikes out swinging
|
|
Batting: RHB Charles Stafford
|
0-0: Foul Ball, location: 2F 0-1: Foul Ball, location: 2F 0-2: Ball 1-2: Foul Ball, location: 2F 1-2: Ball 2-2: Foul Ball, location: 2F 2-2: Ball 3-2: Ground out 4-3 (Groundball, 4, EV 88.8 MPH)
|
|
Batting: RHB Juan Bonilla
|
0-0: Swinging Strike 0-1: Ball 1-1: Called Strike 1-2: Strikes out swinging
|
| Top of the 3rd over - 0 runs, 0 hits, 0 errors, 0 left on base; Charlotte 0 - Knoxville 0 |
| BOTTOM OF THE 3RD |
|
Knoxville Blue Jays batting - Pitching for Charlotte Hornets : RHP James Green
|
|
Batting: RHB Jerry Royster
|
0-0: Ball 1-0: Ball 2-0: Fly out, F6 (Flyball, 6D, EV 89.4 MPH)
|
|
Batting: RHB LaRue Washington
|
0-0: Foul Ball, location: 2F 0-1: Called Strike 0-2: Ball 1-2: Strikes out swinging
|
|
Batting: LHB Paul O'Neill
|
0-0: Called Strike 0-1: Ball 1-1: Ball 2-1: Swinging Strike 2-2: Strikes out looking
|
| Bottom of the 3rd over - 0 runs, 0 hits, 0 errors, 0 left on base; Charlotte 0 - Knoxville 0 |
| TOP OF THE 4TH |
|
Charlotte Hornets batting - Pitching for Knoxville Blue Jays : RHP Dan Greenhalgh
|
|
Batting: RHB Ron Johnson
|
0-0: Ball 1-0: Swinging Strike 1-1: Ball 2-1: Ball 3-1: Foul Ball, location: 2F 3-2: Foul Ball, location: 2F 3-2: Base on Balls
|
|
Batting: RHB Alvaro Espinoza
|
0-0: Ball 1-0: Fly out, F9 (Flyball, 89D, EV 84.4 MPH)
|
|
Batting: RHB Barry Lyons
|
0-0: Called Strike Ron Johnson steals 2nd base 0-1: Swinging Strike 0-2: Strikes out swinging
|
|
Batting: LHB Jesus Diaz
|
0-0: Foul Ball, location: 2F 0-1: Ground out U3 (Groundball, 3, EV 90.6 MPH)
|
| Top of the 4th over - 0 runs, 0 hits, 0 errors, 1 left on base; Charlotte 0 - Knoxville 0 |
| BOTTOM OF THE 4TH |
|
Knoxville Blue Jays batting - Pitching for Charlotte Hornets : RHP James Green
|
|
Batting: RHB Jason Adams
|
0-0: Ball 1-0: Ball 2-0: Ball 3-0: Called Strike 3-1: Called Strike 3-2: Base on Balls
|
|
Batting: RHB Hector Cruz
|
0-0: Ball 1-0: Ball 2-0: Called Strike 2-1: Ball 3-1: Base on Balls Jason Adams to second
|
|
Batting: LHB Joe Bivins
|
0-0: Ball 1-0: Ball 2-0: 3-RUN HOME RUN (Flyball, 78XD, EV 92.5 MPH), Distance : 441 ft
|
|
Batting: LHB Danny Goodwin
|
0-0: Called Strike 0-1: Fly out, F8 (Line Drive, 8RM, EV 90.0 MPH)
|
|
Batting: RHB Alex Taveras
|
0-0: Ball 1-0: Ball 2-0: Ball 3-0: Called Strike 3-1: Foul Ball, location: 2F 3-2: Ground out 5-3 (Groundball, 5, EV 110.6 MPH)
|
|
Batting: LHB Ken Bolek
|
0-0: Swinging Strike 0-1: Ball 1-1: Foul Ball, location: 2F 1-2: Foul Ball, location: 2F 1-2: Fly out, F8 (Flyball, 89S, EV 89.4 MPH)
|
| Bottom of the 4th over - 3 runs, 1 hit, 0 errors, 0 left on base; Charlotte 0 - Knoxville 3 |
| TOP OF THE 5TH |
|
Charlotte Hornets batting - Pitching for Knoxville Blue Jays : RHP Dan Greenhalgh
|
|
Batting: LHB Richard Berg
|
0-0: Ball 1-0: Fly out, F8 (Line Drive, 8LM, EV 105.6 MPH)
|
|
Batting: SHB Jose Mota
|
0-0: Foul Ball, location: 2F 0-1: Swinging Strike 0-2: Foul Ball, location: 2F 0-2: Foul Ball, location: 2F 0-2: Ball 1-2: Ball 2-2: Foul Ball, location: 2F 2-2: Fly out, F9 (Flyball, 9S, EV 82.5 MPH)
|
|
Batting: RHB John O'Rear
|
0-0: Ball 1-0: Swinging Strike 1-1: Ball 2-1: SINGLE (Flyball, 78S, EV 88.8 MPH)
|
|
Batting: RHB Charles Stafford
|
0-0: Ball 1-0: Foul Ball, location: 2F 1-1: Foul Ball, location: 2F 1-2: Ball 2-2: Ball 3-2: Strikes out swinging
|
| Top of the 5th over - 0 runs, 1 hit, 0 errors, 1 left on base; Charlotte 0 - Knoxville 3 |
| BOTTOM OF THE 5TH |
|
Knoxville Blue Jays batting - Pitching for Charlotte Hornets : RHP James Green
|
|
Batting: RHB Jerry Royster
|
0-0: Ball 1-0: Called Strike 1-1: Ball 2-1: Ground out 4-3 (Groundball, 4, EV 85.0 MPH)
|
|
Batting: RHB LaRue Washington
|
0-0: Ball 1-0: Fly out, F8 (Flyball, 8RS, EV 95.6 MPH)
|
|
Pitching: RHP Roger Begue
|
|
|
Batting: LHB Paul O'Neill
|
0-0: Called Strike 0-1: Called Strike 0-2: Strikes out swinging
|
| Bottom of the 5th over - 0 runs, 0 hits, 0 errors, 0 left on base; Charlotte 0 - Knoxville 3 |
| TOP OF THE 6TH |
|
Charlotte Hornets batting - Pitching for Knoxville Blue Jays : RHP Dan Greenhalgh
|
|
Batting: RHB Juan Bonilla
|
0-0: Called Strike 0-1: Ball 1-1: Swinging Strike 1-2: SINGLE (Line Drive, 7S, EV 93.8 MPH)
|
|
Batting: RHB Ron Johnson
|
0-0: Grounds into double play, 6-4-3 (Groundball, 6, EV 100.0 MPH)
|
|
Batting: RHB Alvaro Espinoza
|
0-0: Ball 1-0: Ball 2-0: Foul Ball, location: 2F 2-1: SINGLE (Groundball, P, EV 83.1 MPH) (infield hit)
|
|
Batting: RHB Barry Lyons
|
0-0: Fly out, F9 (Line Drive, 9, EV 91.9 MPH)
|
| Top of the 6th over - 0 runs, 2 hits, 0 errors, 1 left on base; Charlotte 0 - Knoxville 3 |
| BOTTOM OF THE 6TH |
|
Knoxville Blue Jays batting - Pitching for Charlotte Hornets : RHP Roger Begue
|
|
Batting: RHB Jason Adams
|
0-0: Ball 1-0: SINGLE (Groundball, P, EV 89.4 MPH) (infield hit)
|
|
Batting: RHB Hector Cruz
|
0-0: Ball 1-0: Swinging Strike 1-1: Called Strike 1-2: Ball 2-2: Fly out, F8 (Flyball, 8RM, EV 89.4 MPH)
|
|
Batting: LHB Joe Bivins
|
0-0: Ball 1-0: Foul Ball, location: 2F 1-1: Swinging Strike 1-2: Ball 2-2: Ball 3-2: DOUBLE (Flyball, 89D, EV 96.3 MPH) Jason Adams to third
|
|
Batting: LHB Danny Goodwin
|
0-0: Intentional Walk
|
|
Batting: RHB Alex Taveras
|
0-0: Ball 1-0: Foul Ball, location: 2F 1-1: Fly out, F8 (Flyball, 8LD, EV 101.3 MPH) Runner from 3rd tags up, SCORES, throw by CF
|
|
Batting: LHB Ken Bolek
|
0-0: Ball 1-0: Ball 2-0: Ball 3-0: Called Strike 3-1: Called Strike 3-2: Ground out 4-3 (Groundball, 4, EV 83.1 MPH)
|
| Bottom of the 6th over - 1 run, 2 hits, 0 errors, 2 left on base; Charlotte 0 - Knoxville 4 |
| TOP OF THE 7TH |
|
Charlotte Hornets batting - Pitching for Knoxville Blue Jays : RHP Dan Greenhalgh
|
|
Batting: LHB Jesus Diaz
|
0-0: Called Strike 0-1: Ball 1-1: Ball 2-1: Called Strike 2-2: Ball 3-2: Base on Balls
|
|
Batting: LHB Richard Berg
|
0-0: Called Strike 0-1: Ball 1-1: Ball 2-1: Foul Ball, location: 2F 2-2: Ball 3-2: SINGLE (Groundball, 6M, EV 99.4 MPH) (infield hit) Jesus Diaz to second
|
|
Batting: SHB Jose Mota
|
0-0: Called Strike 0-1: Fly out, F8 (Flyball, 8RD, EV 99.4 MPH)
|
|
Batting: RHB John O'Rear
|
0-0: Called Strike 0-1: Ball 1-1: Called Strike 1-2: Strikes out swinging
|
|
Batting: RHB Charles Stafford
|
0-0: Foul Ball, location: 2F 0-1: Called Strike 0-2: Strikes out swinging
|
| Top of the 7th over - 0 runs, 1 hit, 0 errors, 2 left on base; Charlotte 0 - Knoxville 4 |
| BOTTOM OF THE 7TH |
|
Knoxville Blue Jays batting - Pitching for Charlotte Hornets : RHP Roger Begue
|
|
Batting: RHB Jerry Royster
|
0-0: Ball 1-0: Ball 2-0: TRIPLE (Line Drive, 78XD, EV 96.9 MPH)
|
|
Pitching: RHP Charles Hatcher
|
|
|
Batting: RHB LaRue Washington
|
0-0: Ground out 6-3 (Groundball, 6, EV 83.8 MPH)
|
|
Batting: LHB Paul O'Neill
|
0-0: Ball 1-0: Ball 2-0: Foul Ball, location: 2F 2-1: Ground out 4-3 (Groundball, P, EV 88.1 MPH)
|
|
Batting: RHB Jason Adams
|
0-0: Ball 1-0: Swinging Strike 1-1: Ball 2-1: Swinging Strike 2-2: Ball 3-2: Fly out, F9 (Line Drive, 8RM, EV 97.5 MPH)
|
| Bottom of the 7th over - 0 runs, 1 hit, 0 errors, 1 left on base; Charlotte 0 - Knoxville 4 |
| TOP OF THE 8TH |
|
Charlotte Hornets batting - Pitching for Knoxville Blue Jays : RHP Dan Greenhalgh
|
|
Batting: RHB Juan Bonilla
|
0-0: Ball 1-0: Ball 2-0: Ball 3-0: Called Strike 3-1: Ground out 6-3 (Groundball, 6, EV 89.4 MPH)
|
|
Batting: RHB Ron Johnson
|
0-0: Foul Ball, location: 2F 0-1: Called Strike 0-2: Ball 1-2: Foul Ball, location: 2F 1-2: Foul Ball, location: 2F 1-2: Ball 2-2: Strikes out swinging
|
|
Batting: RHB Alvaro Espinoza
|
0-0: Ball 1-0: Ball 2-0: Foul Ball, location: 2F 2-1: Called Strike 2-2: Strikes out swinging
|
| Top of the 8th over - 0 runs, 0 hits, 0 errors, 0 left on base; Charlotte 0 - Knoxville 4 |
| BOTTOM OF THE 8TH |
|
Knoxville Blue Jays batting - Pitching for Charlotte Hornets : RHP Charles Hatcher
|
|
Batting: RHB Hector Cruz
|
0-0: Ball 1-0: Called Strike 1-1: Foul Ball, location: 2F 1-2: Ball 2-2: Ball 3-2: Ground out 4-3 (Groundball, 4, EV 103.1 MPH)
|
|
Batting: LHB Joe Bivins
|
0-0: Swinging Strike 0-1: Ball 1-1: Ball 2-1: Swinging Strike 2-2: Ball 3-2: Strikes out looking
|
|
Batting: LHB Danny Goodwin
|
0-0: Called Strike 0-1: Ball 1-1: Swinging Strike 1-2: Foul Ball, location: 2F 1-2: Ball 2-2: Ball 3-2: Strikes out swinging
|
| Bottom of the 8th over - 0 runs, 0 hits, 0 errors, 0 left on base; Charlotte 0 - Knoxville 4 |
| TOP OF THE 9TH |
|
Charlotte Hornets batting - Pitching for Knoxville Blue Jays : RHP Dan Greenhalgh
|
|
Batting: RHB Barry Lyons
|
0-0: Swinging Strike 0-1: Swinging Strike 0-2: Ball 1-2: Ball 2-2: Ball 3-2: Strikes out swinging
|
|
Batting: LHB Jesus Diaz
|
0-0: Ball 1-0: Ball 2-0: Ball 3-0: Called Strike 3-1: Ground out 6-3 (Groundball, 6, EV 92.5 MPH)
|
|
Batting: LHB Richard Berg
|
0-0: Ball 1-0: Ball 2-0: Foul Ball, location: 2F 2-1: Ground out 4-3 (Groundball, 4, EV 100.0 MPH)
|
| Top of the 9th over - 0 runs, 0 hits, 0 errors, 0 left on base; Charlotte 0 - Knoxville 4 |
|